Unix NetHack Version 5.0.0-0 post-release - last build Jun 10 2026 00:39:30 (3ee93aec679c4c4259841fe613dc97188e26a321,branch:main).

Game began 2026-06-10 21:32:54, ended 2026-06-11 07:25:33.

LDaviesPeters, neutral female human Archeologist

                                            -----      -----
                                             ...|      |<..|
                                     ----   -...|      |...|
                               -------..|   |...|      +...|
                          |    |.....|..|   |...|      |...+
                 | --     -|-- |.._@%|-|-   |...|    ##....|
                 |... --+--... |.....|..--+--...|    # |...|
                 |............ |....`|..........|    # -----
                 |...........{.--|----){........|   ##
                 |..............(.f.............|  ##
                 |   ---+-+--..d%%).....--+--...|###
                            ----.--------   |...|##
                               |.|          |....##
                               +.+          |...|#
                               -.-          -...|
                                .           .....
                               ---         ------

LDaviesPeters the Investigator  St:16 Dx:9 Co:15 In:13 Wi:15 Ch:12  Neutral
Dlvl:7  $:0  HP:0(48) Pw:33(33) AC:4  Xp:7 T:4680 

Latest messages:
 You kill the kobold!
 The large cat drops a pair of hard shoes.
 The large cat picks up a leash.
 The large cat misses the wolf.
 The large cat misses the wolf.
 The large cat bites the wolf.
 The wolf misses the large cat.
 You kill the killer bee!
 The wolf bites!
 The large cat bites the wolf.
 The wolf bites the large cat.
 You hear someone cursing shoplifters.
 You lash the wolf!
 The wolf turns to flee.
 You swap places with your large cat.
 You lash the wolf!
 You kill the wolf!
 You have a little trouble lifting a giant spider corpse.  Continue? [ynq] (q) y
 You have a little trouble lifting s - a giant spider corpse.
 u - a killer bee corpse.
 Your movements are slowed slightly because of your load.
 You experience a sense of peace.
 The large cat drops a leash.
 Your large cat eats a wolf corpse.
 There is an altar to Camaxtli (neutral) here.
 What do you want to sacrifice? [su or ?*] s
 Nothing happens.
 What do you want to sacrifice? [su or ?*] u
 Nothing happens.
 You drop a giant spider corpse.
 Your movements are now unencumbered.
 You drop a killer bee corpse.
 The large cat picks up a leash.
 The large cat drops a leash.
 You see here a leash.
 You see here a kobold corpse.
 You lash the wolf!
 The wolf bites!
 You lash the wolf!
 The wolf bites!
 You miss the wolf.
 The wolf bites!
 You lash the wolf!
 The wolf bites!
 You die...
 Do you want your possessions identified? [ynq] (y) y
 Do you want to see your attributes? [ynq] (y) y
 Do you want an account of creatures vanquished? [ynaq] (y) n
 Do you want to see your conduct and achievements? [ynq] (y) y
 Do you want to see the dungeon overview? [ynq] (y) n

Inventory:
 Weapons  (')')
  P - 2 +0 daggers
  q - a +0 elven dagger
  a - a +2 bullwhip (weapon in right hand)
 Armor    ('[')
  m - an uncursed +0 helm of caution
  k - an uncursed +2 pair of elven boots (being worn)
  l - a blessed +1 elven cloak (being worn)
  h - an uncursed +0 leather jacket (being worn)
 Comestibles  ('%')
  c - an uncursed slime mold
  d - 5 uncursed food rations
 Rings    ('=')
  t - an uncursed ring of invisibility (on left hand)
 Wands    ('/')
  S - a wand of create monster (0:10)
  U - a wand of light (0:11)
  L - a wand of magic missile (0:6)
  x - a wand of polymorph (0:3)
  C - a wand of probing (0:5)
  A - a wand of sleep (0:6)
 Tools    ('(')
  b - an uncursed sack containing 15 items
  H - an uncursed magic whistle
  p - a +0 pick-axe
  W - an uncursed stethoscope
  f - a tinning kit (0:89)
  B - an uncursed towel
 Gems/Stones  ('*')
  O - an uncursed topaz stone
  g - an uncursed touchstone

Contents of the sack:
  491 gold pieces
  a blessed scroll of amnesia
  an uncursed scroll of amnesia
  an uncursed scroll of enchant armor
  an uncursed scroll of enchant weapon
  an uncursed scroll of identify
  an uncursed scroll of scare monster
  an uncursed potion of booze
  an uncursed potion of extra healing
  2 uncursed potions of healing
  an uncursed potion of monster detection
  an uncursed potion of polymorph
  2 uncursed potions of restore ability
  a cursed potion of restore ability
  2 uncursed potions of sleeping

LDaviesPeters the Archeologist's attributes:

Background:
 You were an Investigator, a level 7 female human Archeologist.
 You were neutral, on a mission for Camaxtli
 who was opposed by Quetzalcoatl (lawful) and Huhetotl (chaotic).
 You were right-handed.
 You were in the Gnomish Mines, on level 7.
 You entered the dungeon 4680 turns ago.
 You had 754 experience points, 526 more were needed to attain level 8.

Basics:
 You had 0 out of 48 hit points.
 You had all 33 energy points (spell power).
 Your armor class was 4.
 Your wallet was empty, but
 you had 491 zorkmids stashed away in your pack.
 Autopickup was off.

Final Characteristics:
 Your strength was 16 (limit:18/100).
 Your dexterity was 9 (limit:18).
 Your constitution was 15 (limit:18).
 Your intelligence was 13 (limit:18).
 Your wisdom was 15 (limit:18).
 Your charisma was 12 (limit:18).

Final Status:
 You weren't hungry.
 You were unencumbered.
 You were wielding a whip.
 You were skilled in whip and could have enhanced that.

Final Attributes:
 You were piously aligned.
 You were telepathic.
 You had automatic searching.
 You were invisible.
 You were stealthy.
 You were warded.
 You are dead.

Miscellaneous:
 You didn't encounter any bones levels.
 Total elapsed playing time was 1 hour, 7 minutes and 29 seconds.

Major events:
 Turn
    1: LDaviesPeters the neutral female human Archeologist entered the dungeon
 1063: attained the rank of Field Worker (level 3)
 1859: entered the Gnomish Mines
 3895: attained the rank of Investigator (level 6)
 4437: reached Mine Town
 4680: killed by a wolf

Spells:
 Name                 Level Category     Fail Retention
 cure sickness          3   healing      100%  76%-100%
 cure blindness         2   healing       87%  76%-100%
 clairvoyance           3   divination   100%  76%-100%
 knock                  1   matter        14%  76%-100%

Skills:
 Fighting Skills
   bare handed combat [Unskilled]
   two weapon combat  [Unskilled]
   riding             [Unskilled]
 Weapon Skills
   dagger             [Unskilled]
   knife              [Unskilled]
   pick-axe           [Basic]
   short sword        [Unskilled]
   saber              [Unskilled]
   club               [Unskilled]
   quarterstaff       [Unskilled]
   sling              [Unskilled]
   dart               [Unskilled]
   boomerang          [Unskilled]
   whip               [Skilled]
   unicorn horn       [Unskilled]
 Spellcasting Skills
   attack spells      [Unskilled]
   healing spells     [Unskilled]
   divination spells  [Unskilled]
   matter spells      [Unskilled]

Voluntary challenges:
 Character rerolling was not enabled.
 You never genocided any monsters.
 You never polymorphed an object.
 You never changed form.
 You used no wishes.
Achievements:
 You entered a shop.
 You attained the rank of Field Worker.
 You entered the Gnomish Mines.
 You attained the rank of Investigator.
 You entered Minetown.
 You entered a temple.

 The Dungeons of Doom: levels 1 to 5
    Level 1:
       A fountain, a sink.
    Level 2:
       An armor shop, some fountains.
    Level 3:
       A general store.
       Stairs down to The Gnomish Mines.
    Level 4:
       A fountain.
    Level 5:
       Many fountains, many trees.
 The Gnomish Mines: levels 4 to 7
    Level 4:
    Level 5:
    Level 6:
    Level 7: <- You were here.
       A temple and an altar to Camaxtli, some fountains.
       Final resting place for
          you, killed by a wolf.


Vanquished creatures:
  a wolf
  a leprechaun
  a giant spider
  a gnome ruler
  a lizard
  a rope golem
  a shrieker
  4 gnome leaders
  3 gnomish wizards
  2 straw golems
  3 floating eyes
  7 dwarves
  2 homunculi
  a kobold leader
  a kobold shaman
  2 giant bats
  2 iguanas
  7 killer bees
  2 hobbits
  4 manes
  3 cave spiders
  a yellow mold
 29 gnomes
  5 geckos
  7 jackals
  a fox
  2 kobolds
  6 goblins
  6 grid bugs
  2 lichens
  a kobold zombie
  9 newts
119 creatures vanquished.

No species were genocided or became extinct.

Game over:
                       ----------
                      /          \
                     /    REST    \
                    /      IN      \
                   /     PEACE      \
                  /                  \
                  |  LDaviesPeters   |
                  |      491 Au      |
                  | killed by a wolf |
                  |                  |
                  |                  |
                  |                  |
                  |       2026       |
                 *|     *  *  *      | *
        _________)/\\_//(\/(/\)/\//\/|_)_______

Goodbye LDaviesPeters the Archeologist...

You died in The Gnomish Mines on dungeon level 7 with 3808 points,
and 491 pieces of gold, after 4680 moves.
You were level 7 with a maximum of 48 hit points when you died.

